 Dungeon Crawl Stone Soup version 0.25.1-2-g60ff931df9 (webtiles) character file.

Game seed: 4729936018997758746

3353 DogServant the Grappler (level 9, -7/71 HPs)
             Began as a Yellow Draconian Transmuter on Oct 22, 2020.
             Was a Believer of Okawaru.
             Killed from afar by an electric eel (9 damage)
             ... with a bolt of electricity
             ... on level 8 of the Dungeon.
             The game lasted 00:13:21 (9805 turns).

DogServant the Grappler (DrTm)                      Turns: 9805, Time: 00:13:22

Health: -7/71      AC:  2    Str: 16    XL:     9   Next: 73%
Magic:  12/14      EV: 26    Int: 13    God:    Okawaru [**....]
Gold:   437        SH:  0    Dex: 23    Spells: 4/14 levels left

rFire    . . .     SeeInvis .     - Unarmed
rCold    . . .     Gourm    .   (shield currently unavailable)
rNeg     . . .     Faith    +   (armour unavailable)
rPois    x         Spirit   .   (helmet currently unavailable)
rElec    .         Reflect  .   (cloak currently unavailable)
rCorr    .         Harm     .   (gloves currently unavailable)
MR       .....                  (boots currently unavailable)
Stlth    ++........             l - amulet of faith
HPRegen  0.21/turn              b - +6 ring of dexterity
MPRegen  0.14/turn              i - +4 ring of evasion

@: spider-form (expiring)
A: tiny, (spit acid), unfitting armour, AC +7
a: End Transformation, Heroism, Renounce Religion


You were on level 8 of the Dungeon.
You worshipped Okawaru.
Okawaru was pleased with you.
You were not hungry.
You were a venomous arachnid creature.
You visited 2 branches of the dungeon, and saw 9 of its levels.

You collected 437 gold pieces.

Inventory:

Missiles
 a - 97 arrows
Armour
 v - a +0 pair of gloves (melded)
 y - the cursed -2 helmet of Wiyfui {rC+ rCorr Dex+2, unknown}
   (You found it on level 6 of the Dungeon)

   It affects your dexterity (+2).
   It protects you from cold.
   It provides partial protection from all sources of acid and corrosion.
   It has a curse placed upon it.
Jewellery
 b - a +6 ring of dexterity (left front leg)
 i - a +4 ring of evasion (right front leg)
 l - an amulet of faith (around neck)
 E - a +6 ring of dexterity
Wands
 u - a wand of random effects (11)
 x - a wand of iceblast (9)
 A - a wand of acid (6)
 B - a wand of flame (6)
 F - a wand of paralysis (6)
Scrolls
 d - 4 scrolls of identify
 g - 5 scrolls of remove curse
 j - 5 scrolls of immolation {unknown}
 m - 2 scrolls of blinking {unknown}
 q - 2 scrolls of enchant armour {unknown}
 r - 3 scrolls of magic mapping {unknown}
 s - 4 scrolls of teleportation {unknown}
 t - a scroll of noise {unknown}
 z - a scroll of fog {unknown}
 G - a scroll of amnesia {unknown}
Potions
 f - 3 potions of curing
 h - a potion of degeneration
 k - 2 potions of brilliance
 n - a potion of invisibility
 o - 2 potions of stabbing
 p - 2 potions of might {unknown}
 w - a potion of cancellation {unknown}
 C - a potion of magic {unknown}
 H - a potion of lignification {unknown}
Comestibles
 c - 9 rations


   Skills:
 - Level 4.0 Fighting
 + Level 3.3 Dodging
 + Level 9.4 Unarmed Combat
 + Level 3.4 Spellcasting
 - Level 7.0 Transmutations
 - Level 5.7 Ice Magic


You had 4 spell levels left.
You knew the following spells:

 Your Spells              Type           Power        Failure   Level  Hunger
a - Beastly Appendage     Tmut           ###...       6%          1    #......
b - Sticks to Snakes      Tmut           ###.....     8%          2    ##.....
c - Spider Form           Tmut/Pois      ##........   34%         3    ###....
d - Ice Form              Ice/Tmut       ###.....     34%         4    #####..

Your spell library contained the following spells:

 Spells                   Type           Power        Failure   Level  Hunger
 Foxfire                  Conj/Fire      #...         43%         1    #......
 Conjure Flame            Conj/Fire      #.......     75%         3    ###....
 Inner Flame              Hex/Fire       #.......     75%         3    ###....
 Sticky Flame             Conj/Fire      #.......     98%         4    #####..
 Blade Hands              Tmut           ###.......   56%         5    ######.
 Fireball                 Conj/Fire      #.........   100%        5    ######.


Dungeon Overview and Level Annotations

Branches:
Dungeon (8/15)             Temple (1/1) D:5
   Lair: D:8-11

Altars:
Ashenzari
Cheibriados
Elyvilon
Fedhas
Gozag
Hepliaklqana
Kikubaaqudgha
Makhleb
Nemelex Xobeh
Okawaru
Qazlal
Ru
Sif Muna
Trog
Uskayaw
Vehumet
Wu Jian
Xom
Yredelemnul
Zin
The Shining One

Shops:
D:8 (

Annotations:
D:4 Eustachio


Innate Abilities, Weirdness & Mutations

((You can spit globs of acid.))
((Your golden yellow scales are hard. (AC +7)))
You cannot fit into any form of body armour.
((You are cold-blooded and may be slowed by cold attacks.))
((You are resistant to acid. (rCorr)))


Message History

The hound completely misses you.
You bite the hound!
You kill the hound!
Okawaru accepts your kill. The bullfrog completely misses you.
An orc comes into view. It is wielding a +0 dagger.
Your extra speed is starting to run out.
An electric eel comes into view.
Your transformation is almost over.
You feel yourself slow down. The bullfrog closely misses you.
You open the door. 2 orcs, an orc warrior and an orc priest come into view.
The orc priest shouts!
The orc shouts!
The bullfrog barely misses you. The bullfrog completely misses you.
The electric eel shoots out a bolt of lightning at you!
The bolt of electricity hits you!
* * * LOW HITPOINT WARNING * * *
The bolt of electricity hits you!
You die...

..### #...# #.#.##
#.#..#### ##........
#######......##
#####.O.o.........#
#≈≈≈;.F≈≈≈........##
#≈##≈sS##≈.........###
##o###≈#.....##....
...#≈≈#.......†...
#.oo#≈≈.......#####
#.o.#≈≈.......#
######≈.......#
#≈#.....## ≈≈##...##
####


You could see an orc warrior (wandering), a water moccasin, an ogre, a bullfrog,
an electric eel, an orc priest and 3 orcs.

Vanquished Creatures
  Grinder (D:3)
  2 hippogriffs
  A yak (D:8)
  2 steam dragons (D:7)
  Duvessa (D:6)
  An orc warrior (D:6)
  A black bear (D:6)
  2 ice beasts (D:6)
  A sky beast (D:6)
  3 centaurs
  2 ogres
  2 bullfrogs (D:6)
  3 scorpions
  2 howler monkeys
  A crimson imp (D:7)
  5 hounds
  5 orc wizards
  2 centaur skeletons
  3 iguanas
  Ijyb (D:3)
  4 worker ants
  3 hound skeletons
  A hound zombie (D:6)
  A worker ant zombie (D:5)
  A howler monkey zombie (D:6)
  Robin (D:3)
  10 adders
  A howler monkey skeleton (D:6)
  13 gnolls
  An ooze (D:3)
  An adder zombie (D:7)
  3 adder skeletons
  4 worms
  5 dart slugs
  4 leopard geckos
  14 orcs
  5 giant cockroaches
  15 goblins
  7 hobgoblins
  9 jackals
  9 kobolds
  3 quokkas
  9 bats
  8 frilled lizards
  A jackal zombie (D:7)
  A quokka skeleton (D:4)
  A quokka zombie (D:6)
  14 rats
190 creatures vanquished.

Vanquished Creatures (collateral kills)
  An orc priest (D:3)
  A gnoll (D:6)
  An orc (D:3)
  A hobgoblin (D:3)
4 creatures vanquished.

Vanquished Creatures (others)
  Dowan (D:6)
1 creature vanquished.

Grand Total: 195 creatures vanquished

Notes
Turn   | Place    | Note
-------+----------+-------------------------------------------
     0 | D:1      | DogServant the Draconian Transmuter began the quest for the
                  | Orb.
     0 | D:1      | Reached XP level 1. HP: 16/16 MP: 3/3
   251 | D:1      | Reached XP level 2. HP: 24/24 MP: 3/5
   830 | D:1      | Reached XP level 3. HP: 26/30 MP: 6/6
  1659 | D:2      | Reached skill level 4 in Unarmed Combat
  1747 | D:2      | Reached XP level 4. HP: 34/38 MP: 7/7
  2143 | D:2      | Reached XP level 5. HP: 28/46 MP: 8/8
  2829 | D:3      | Noticed Grinder
  2836 | D:3      | Learned a level 2 spell: Sticks to Snakes
  2842 | D:3      | Killed Grinder
  2842 | D:3      | Reached skill level 6 in Unarmed Combat
  2842 | D:3      | Reached XP level 6. HP: 45/52 MP: 4/9
  2932 | D:3      | Noticed Robin
  2940 | D:3      | Noticed Ijyb
  2998 | D:2      | Learned a level 3 spell: Spider Form
  3350 | D:3      | Killed Robin
  3464 | D:3      | Killed Ijyb
  4266 | D:4      | Your scales start taking on a golden yellow colour.
  4266 | D:4      | Reached XP level 7. HP: 47/59 MP: 10/10
  4266 | D:4      | Gained mutation: You are resistant to acid. (rCorr) [Yellow
                  | Draconian growth]
  5177 | D:4      | Noticed Eustachio
  5222 | D:5      | Entered Level 5 of the Dungeon
  5284 | D:5      | Found a bloodstained altar of Trog.
  5293 | D:5      | Reached skill level 5 in Transmutations
  5918 | D:5      | Reached XP level 8. HP: 66/66 MP: 9/11
  5984 | D:5      | Found a staircase to the Ecumenical Temple.
  6045 | Temple   | Entered the Ecumenical Temple
  6167 | Temple   | Became a worshipper of Warmaster Okawaru
  6312 | D:5      | Found a snail-covered altar of Cheibriados.
  6388 | D:5      | Learned a level 4 spell: Ice Form
  6791 | D:6      | Reached skill level 1 in Ice Magic
  6798 | D:6      | Reached skill level 7 in Unarmed Combat
  6939 | D:6      | Reached * piety under Okawaru
  7278 | D:6      | Reached skill level 8 in Unarmed Combat
  7327 | D:6      | Noticed a hippogriff
  7343 | D:6      | Killed a hippogriff
  7343 | D:6      | Reached ** piety under Okawaru
  7343 | D:6      | Reached XP level 9. HP: 6/71 MP: 9/12
  7641 | D:6      | Got a translucent helmet
  7722 | D:6      | Noticed Duvessa
  7722 | D:6      | Noticed Dowan
  7746 | D:6      | Killed Dowan
  7751 | D:6      | Killed Duvessa
  7751 | D:6      | Reached skill level 5 in Ice Magic
  8210 | D:6      | Found a burning altar of Makhleb.
  8211 | D:6      | Noticed a blizzard demon
  9148 | D:7      | Found a basalt altar of Yredelemnul.
  9346 | D:7      | Reached skill level 9 in Unarmed Combat
  9645 | D:8      | Found Orphuxoni's Antique Weapon Shop.
  9711 | D:8      | Found a glowing silver altar of Zin.
  9734 | D:8      | Noticed an angel
  9737 | D:8      | Found a shimmering altar of Xom.
  9805 | D:8      | HP: 2/71 [electric eel/bolt of electricity (10)]
  9805 | D:8      | Killed from afar by an electric eel

Illustrated notes

Levels and vault maps discovered:
D:1:      nagdon_arrival_zigzag_paths, layout_basic
D:2:      layout_loops_cross
D:3:      layout_basic, first_ration, uniq_robin, uniq_grinder, uniq_ijyb
D:4:      layout_loops_corners, uniq_eustachio
D:5:      layout_basic, old_standard_altar, temple_fountains,
          corexii_corridor_pit, trog_three_pillars_becter
D:6:      kennysheep_windowed_halls, layout_loops_corners,
          makhleb_altar_promises_db, uniq_duvessa
D:7:      kennysheep_steamy, layout_basic, lemuel_coloured_pillars_altar
D:8:      layout_rooms, minitemple, grunt_temple_overflow_order_and_chaos_1,
          serial_shops, nicolae_shop_overgrown_old_shop, grunt_ogre_cave,
          lightli_minifort
Temple:   kb_temple_of_zot

Skill      XL: |  1  2  3  4  5  6  7  8  9 |
---------------+----------------------------+-----
Fighting       | 2 3 4 |  4.0
Unarmed Combat | 4 6 8 9 |  9.4
Transmutations | 3 6 7 |  7.0
Ice Magic      | 4 5 |  5.7
Dodging        | 3 |  3.3
Spellcasting   | 3 |  3.4

Action                   |  1- 3 |  4- 6 |  7- 9 || total
-------------------------+-------+-------+-------++-------
Melee: Unarmed           |   108 |   206 |   342 ||   656
       Tailslap          |    10 |    30 |    34 ||    74
       Headbutt          |     3 |     9 |    19 ||    31
       Kick              |     3 |    25 |    22 ||    50
       Punch             |     1 |     6 |     6 ||    13
 Cast: Beastly Appendage |    16 |    29 |    26 ||    71
       Sticks to Snakes  |       |     5 |     2 ||     7
       Spider Form       |       |       |    14 ||    14
 Abil: Breathe Acid      |       |       |     8 ||     8
       End Transformatio |       |       |     1 ||     1
Evoke: Wand              |       |       |     1 ||     1
  Use: Scroll            |       |     8 |       ||     8
       Potion            |       |       |     2 ||     2
 Stab: Sleeping          |       |     3 |     3 ||     6
       Distracted        |       |     1 |       ||     1
  Eat: Chunk             |     3 |     9 |    12 ||    24
       Ration            |       |       |     3 ||     3
Armor: Skin              |    22 |    91 |    50 ||   163
Dodge: Dodged            |    56 |   158 |   298 ||   512
